 Dungeon Crawl Stone Soup version 0.30-a0-651-g0755cc6dcf (webtiles) character file.

Game seed: 12922705931539004110

37 M4edhros the Charlatan (level 3, -2/24 HPs)
             Began as an Octopode Artificer on Jan 18, 2023.
             Slain by an orc
             ... wielding a +0 flail
              (8 damage)
             ... on level 4 of the Dungeon.
             The game lasted 00:01:03 (937 turns).

M4edhros the Charlatan (Octopode Artificer)          Turns: 937, Time: 00:01:03

Health: -2/24      AC:  1    Str: 11    XL:     3   Next: 39%
Magic:  3/3        EV: 13    Int: 13    God:
Gold:   80         SH:  0    Dex: 14    Spells: 2/2 levels left

rFire   . . .      SeeInvis .    p - +0 trident (freeze)
rCold   . . .      Faith    .    (no shield)
rNeg    . . .      Spirit   .    (helmet restricted)
rPois   .          Reflect  .    (no amulet)
rElec   .          Harm     .    (no ring)
rCorr   .          Rampage  .    (no ring)
Will    .....                    (no ring)
Stlth   +++                      (no ring)
HPRegen 0.24/turn                (no ring)
MPRegen 0.08/turn                (no ring)
                                 (no ring)
                                 (no ring)

@: no status effects
A: almost no armour, amphibious, 8 rings, camouflage 1, gelatinous body 1,
(nimble swimmer 1), tentacles
a: no special abilities


You were on level 4 of the Dungeon.
You visited 1 branch of the dungeon, and saw 4 of its levels.

You collected 80 gold pieces.

Inventory:

Hand Weapons
 p - a +0 trident of freezing (weapon)
Missiles
 g - 6 poisoned darts
Jewellery
 j - a ring of positive energy
Wands
 b - a wand of flame (13) (quivered)
 c - a wand of charming (15)
 d - a wand of iceblast (5)
Scrolls
 a - a scroll of poison {unknown}
 e - 3 scrolls of identify {unknown}
 h - a scroll of amnesia {unknown}
 i - a scroll of butterflies {unknown}
 l - 2 scrolls of teleportation {unknown}
 o - a scroll of torment {unknown}
Potions
 f - 2 potions of might {unknown}
 k - a potion of curing {unknown}
 m - a potion of attraction {unknown}
 n - a potion of heal wounds {unknown}


   Skills:
 + Level 1.7 Fighting
 * Level 0.0 Polearms
 + Level 2.8 Dodging
 + Level 2.5 Stealth
 + Level 3.7 Evocations


You had 2 spell levels left.
You didn't know any spells.
Your spell library was empty.

Dungeon Overview and Level Annotations

Branches:
Dungeon (4/15)
 Temple: D:4-7

Altars:
Yredelemnul


Innate Abilities, Weirdness & Mutations

You cannot wear most types of armour.
You are amphibious.
You can wear up to eight rings at the same time.
Your skin changes colour to match your surroundings (Stealth+).
Your rubbery body absorbs attacks. (AC +1, EV +1)
((You are camouflaged when in or above water. (Stealth+)))
You have tentacles for arms and can constrict up to eight enemies at once.


Message History

A bat is nearby!
A bat is nearby!
You reach to attack!
The helpless bat fails to defend itself.
You hit the bat. You freeze the bat.
You kill the bat!
No target in view!
(D) Dungeon
Where to? (Enter - D:3 @ (x,y), ? - help)
There is a stone staircase leading down here.
You climb downwards.
Found an escape hatch in the floor.
There is a stone staircase leading up here.
Key pressed, stopping travel.
No target in view!
No target in view!
Found a stone staircase leading up.
Key pressed, stopping explore.
Key pressed, stopping explore.
No target in view!
An orc comes into view. It is wielding a +0 flail.
The orc shouts!
An orc is nearby!
Found 2 stones.
Unknown command.
An orc is nearby!
You closely miss the orc. Your grab misses the orc.
Your tentacle-slap misses the orc.
The orc closely misses you.
You hit the orc but do no damage. Your grab misses the orc.
You squeeze the orc.
The orc is heavily wounded.
The orc hits you with a +0 flail!
You hit the orc but do no damage. Your grab misses the orc.
The orc is heavily wounded.
The orc hits you with a +0 flail!
* * * LOW HITPOINT WARNING * * *
You closely miss the orc. You grab the orc.
The orc is heavily wounded.
You constrict the orc. The orc hits you with a +0 flail!
You die...

.... ##+# ###
(..##..###..#
#..##.......
#..##......
#..##..##.#
#<.##..##<#
#.........+
#.........#
##@#####.># #o#
#..# ... #....
..... #.....
....... #......
.........#......
..........#
...###..####


You could see an orc.

Vanquished Creatures
  2 adders (D:2)
  A dart slug (D:2)
  2 bats
  2 giant cockroaches (D:2)
  3 hobgoblins (D:2)
  A quokka (D:2)
  A ball python (D:3)
  3 kobolds
  2 rats (D:2)
17 creatures vanquished.

Notes
Turn   | Place    | Note
-------+----------+-------------------------------------------
     0 | D:1      | M4edhros the Octopode Artificer began the quest for the
                  | Orb.
     0 | D:1      | Reached XP level 1. HP: 13/13 MP: 1/1
   346 | D:2      | Reached XP level 2. HP: 15/18 MP: 2/2
   359 | D:2      | Reached XP level 3. HP: 8/23 MP: 3/3
   442 | D:2      | Found a basalt altar of Yredelemnul.
   937 | D:4      | Slain by an orc

Illustrated notes

Levels and vault maps discovered:
D:1:      dpeg_cavernosity, layout_rooms, hellmonk_ecumenical_altar_heavens_door
D:2:      layout_basic, serial_shops, nicolae_shop_crystal, basic_altar
D:3:      layout_basic, minmay_door_square, minmay_starry_boxes
D:4:      layout_gridville, trog_hazing_becter, old_standard_altar, temple_hall

Skill      XL: |  1 |
---------------+----+-----
Stealth        | 2 |  2.5
Fighting       | |  1.7
Dodging        | |  2.8
Evocations     | |  3.7

Action                   || total
-------------------------++-------
Melee: Unarmed           ||    37
       Constrict         ||    17
       Tentacles         ||    10
       Punch             ||     1
       Trident           ||     7
Evoke: Wand              ||     2
 Stab: Sleeping          ||     5
Armor: Skin              ||     2
Dodge: Dodged            ||    29

Table legend: (Time is in decaauts)
 A = Elapsed time spent in this place.
 B = Non-inter-level travel time spent in this place.
 C = Inter-level travel time spent in this place.
 D = Time resting spent in this place.
 E = Time spent auto-exploring this place.
 F = Levels seen in this place.
 G = Mean time per level.
                   A        B        C        D        E       F      G
               +--------+--------+--------+--------+--------+-----+--------+
         Total |    937 |    877 |     60 |     64 |    645 |   4 |  234.2 |
       Dungeon |    937 |    877 |     60 |     64 |    645 |   4 |  234.2 |
               +--------+--------+--------+--------+--------+-----+--------+

Top non-repeatable levels by time:
     D:2: 523 daAuts
     D:3: 235 daAuts
     D:1: 166 daAuts
     D:4: 12 daAuts
